 Dungeon Crawl Stone Soup version 0.29-a0-121-g8efb068a30 (webtiles) character file.

Game seed: 3125544275081048892

11 kegs the Skirmisher (level 2, -3/27 HPs)
             Began as a Hill Orc Fighter on Feb 20, 2022.
             Slain by a kobold (14 damage)
             ... on level 1 of the Dungeon.
             The game lasted 00:01:23 (71 turns).

kegs the Skirmisher (Hill Orc Fighter)                Turns: 71, Time: 00:01:23

Health: -3/27      AC:  6    Str: 18    XL:     2   Next: 29%
Magic:  2/2        EV:  9    Int:  8    God:
Gold:   0          SH:  4    Dex: 10    Spells: 1/1 levels left

rFire   . . .      SeeInvis .   a - +0 war axe
rCold   . . .      Faith    .   c - +0 buckler
rNeg    . . .      Spirit   .   b - +0 scale mail
rPois   .          Reflect  .   (no helmet)
rElec   .          Harm     .   (no cloak)
rCorr   .          Rampage  .   (no gloves)
Will    .....                   (no boots)
Stlth   ..........              (no amulet)
HPRegen 0.09/turn               (no ring)
MPRegen 0.08/turn               (no ring)

@: no status effects
A: no striking features
a: no special abilities


You were on level 1 of the Dungeon.
You visited 1 branch of the dungeon, and saw 1 of its levels.

Inventory:

Hand Weapons
 a - a +0 war axe (weapon)
Armour
 b - a +0 scale mail (worn)
 c - a +0 buckler (worn)
Potions
 d - a potion of might


   Skills:
 * Level 3.9 Fighting
 * Level 3.1 Axes
 + Level 0.3(1.5) Maces & Flails
 + Level 3.3 Armour
 + Level 0.2 Dodging
 + Level 3.3 Shields


You had one spell level left.
You didn't know any spells.
Your spell library was empty.

Dungeon Overview and Level Annotations

Branches:
Dungeon (1/15)

Altars:


Message History

The kobold moves out of view.
Things that are here:
a quokka corpse; a ball python corpse A bat comes into view.
Found 3 gold pieces.
You block the kobold's attack.
You barely miss the giant cockroach. You barely miss the kobold.
The giant cockroach bites you. The kobold completely misses you.
The giant cockroach bites you but does no damage.
You closely miss the giant cockroach. You barely miss the kobold.
You block the kobold's attack. The bat hits you but does no damage.
The giant cockroach bites you.
The kobold hits you with a +2 dagger of venom.
You hit the giant cockroach.
You kill the giant cockroach!
You hit the kobold. The bat barely misses you. The kobold barely misses you.
You hit the bat.
You kill the bat!
You closely miss the kobold. You block the kobold's attack.
The kobold hits you but does no damage.
You are poisoned.
You see here a bat corpse.
You slash the kobold!
You kill the kobold!
You feel very sick.
You feel sick.
You see here a +2 dagger of venom.
Found a scroll labelled JOMAUM ZIULANUATI.
You feel sick.
You feel sick.
You feel sick.
You feel sick.
You feel sick.
A kobold comes into view.
It is wielding a +1 dagger of electrocution.
You feel sick.
You are no longer poisoned.
You closely miss the kobold. You block the kobold's attack.
You completely miss the kobold. The kobold hits you but does no damage.
You are electrocuted!
Ouch! That really hurt!
You die...

#. .# ?.. #. .#
.... #.# .#
...##$##. #....!>#
#. #......# #.
#......# #.#
#......# #..#
#....@.#
###.####...)K.#
#.....######.###...
#.....#....†......#
#.......####.###..#
#.....### .... #
#.....# ..###
#..†..#.# ##.#
###.....# #.#


You could see a kobold.

Vanquished Creatures
  A ball python (D:1)
  A bat (D:1)
  2 giant cockroaches (D:1)
  3 jackals (D:1)
  A quokka (D:1)
  A kobold (D:1)
9 creatures vanquished.

Notes
Turn   | Place    | Note
-------+----------+-------------------------------------------
     0 | D:1      | kegs the Hill Orc Fighter began the quest for the Orb.
     0 | D:1      | Reached XP level 1. HP: 19/19 MP: 1/1
    51 | D:1      | Reached XP level 2. HP: 27/27 MP: 2/2
    71 | D:1      | Slain by a kobold

Illustrated notes

Levels and vault maps discovered:
D:1:      dpeg_arrival_rooms_b, layout_rooms, minmay_pentomino_p4

Skill      XL: |  1 |
---------------+----+-----
Axes           | 3 |  3.1
Fighting       | |  3.9
Maces & Flails | |  0.3
Armour         | |  3.3
Dodging        | |  0.2
Shields        | |  3.3

Action                   || total
-------------------------++-------
Melee: War axe           ||    29
Armor: Scale mail        ||    19
Dodge: Dodged            ||    18
Block: Buckler           ||    15

Table legend: (Time is in decaauts)
 A = Elapsed time spent in this place.
 B = Non-inter-level travel time spent in this place.
 C = Inter-level travel time spent in this place.
 D = Time resting spent in this place.
 E = Time spent auto-exploring this place.
 F = Levels seen in this place.
 G = Mean time per level.
                   A        B        C        D        E       F      G
               +--------+--------+--------+--------+--------+-----+--------+
         Total |     81 |     81 |      0 |      0 |     24 |   1 |   81.0 |
       Dungeon |     81 |     81 |      0 |      0 |     24 |   1 |   81.0 |
               +--------+--------+--------+--------+--------+-----+--------+

Top non-repeatable levels by time:
     D:1: 81 daAuts
